ORI
UNIVERSITY OF SOUTHERN CALIFORNIA TROJANS @ UNIVERSITY OF CONNETICUT HUSKIES
11/24/2049
 
TOP OF THE 1ST
Coastal Carolina University Chanticleers batting - Pitching for University of Minnesota Golden Gophers : RHP Josh Sheets
Pitching: RHP Josh Sheets
Batting: RHB Tatsunori Ishigaki 0-0: Ball
1-0: Ball
2-0: Called Strike
2-1: Called Strike
2-2: Ball
3-2: Base on Balls
Batting: RHB Dennis Bennett 0-0: Ball
Tatsunori Ishigaki steals 2nd base
1-0: Ball
2-0: Foul Ball, location: 2F
2-1: Ball
3-1: Base on Balls
Batting: LHB Orlando Hurtado 0-0: Ball
1-0: Called Strike
1-1: Foul Ball, location: 2F
1-2: Fly out, F7 (Flyball, 7LS, EV 83.1 MPH)
Batting: RHB Isaac Washington 0-0: Ball
1-0: SINGLE (Line Drive, 34D, EV 97.5 MPH)
Tatsunori Ishigaki to third
Dennis Bennett to second
Runner from 3rd tries for Home, SAFE, throw by RF to home
Batting: RHB Alex Montiel 0-0: Swinging Strike
0-1: Swinging Strike
0-2: Foul Ball, location: 2F
0-2: Ball
1-2: Strikes out swinging
Batting: RHB Fernando Tovar 0-0: Ball
1-0: Swinging Strike
1-1: Ball
2-1: Swinging Strike
2-2: Strikes out looking
Top of the 1st over - 1 run, 1 hit, 0 errors, 2 left on base; Coastal Carolina University 1 - University of Minnesota 0
BOTTOM OF THE 1ST
University of Minnesota Golden Gophers batting - Pitching for Coastal Carolina University Chanticleers : LHP Rocco Calvocoressi
Pitching: LHP Rocco Calvocoressi
Batting: LHB Alex Villa 0-0: Ball
1-0: Ball
2-0: Called Strike
2-1: Fly out, F8 (Flyball, 89M, EV 93.8 MPH)
Batting: LHB Josh Rini 0-0: Ball
1-0: Called Strike
1-1: Ball
2-1: Called Strike
2-2: Foul Ball, location: 2F
2-2: Foul Ball, location: 2F
2-2: Ball
3-2: Base on Balls
Batting: RHB Ozzie Buendia 0-0: Ball
1-0: Foul Ball, location: 2F
1-1: Ball
2-1: Foul Ball, location: 2F
2-2: Foul Ball, location: 2F
2-2: Foul Ball, location: 2F
2-2: SINGLE (Groundball, 6MD, EV 98.1 MPH)
Josh Rini to second
Batting: LHB Dick Shafer 0-0: Ball
1-0: Called Strike
1-1: Ball
2-1: Fly out, F7 (Line Drive, 78M, EV 86.2 MPH)
Lined into DP, 7-4 (Line Drive, 78M, EV 86.2 MPH)
Bottom of the 1st over - 0 runs, 1 hit, 0 errors, 1 left on base; Coastal Carolina University 1 - University of Minnesota 0
TOP OF THE 2ND
Coastal Carolina University Chanticleers batting - Pitching for University of Minnesota Golden Gophers : RHP Josh Sheets
Batting: RHB Chris McDaniel 0-0: Ball
1-0: Called Strike
1-1: Ball
2-1: Foul Ball, location: 2F
2-2: Strikes out swinging
Batting: LHB Justin Sanders 0-0: Ball
1-0: Swinging Strike
1-1: Foul Ball, location: 2F
1-2: Strikes out swinging
Batting: RHB Rene Napoles 0-0: Ball
1-0: Ball
2-0: Foul Ball, location: 2F
2-1: Foul Ball, location: 2F
2-2: Strikes out swinging
Top of the 2nd over - 0 runs, 0 hits, 0 errors, 0 left on base; Coastal Carolina University 1 - University of Minnesota 0
BOTTOM OF THE 2ND
University of Minnesota Golden Gophers batting - Pitching for Coastal Carolina University Chanticleers : LHP Rocco Calvocoressi
Batting: RHB Ron Gooch 0-0: Ball
1-0: Ground out U3 (Groundball, 3L, EV 100.6 MPH)
Batting: LHB Jose Moncada 0-0: Ball
1-0: Foul Ball, location: 2F
1-1: Called Strike
1-2: Ground out U3 (Groundball, 3, EV 88.8 MPH)
Batting: RHB Jarrod Strickhouser 0-0: Called Strike
0-1: Ball
1-1: Called Strike
1-2: Strikes out swinging
Bottom of the 2nd over - 0 runs, 0 hits, 0 errors, 0 left on base; Coastal Carolina University 1 - University of Minnesota 0
TOP OF THE 3RD
Coastal Carolina University Chanticleers batting - Pitching for University of Minnesota Golden Gophers : RHP Josh Sheets
Batting: RHB Tatsunori Ishigaki 0-0: Ball
1-0: Ball
2-0: Called Strike
2-1: Foul Ball, location: 2F
2-2: Ball
3-2: Base on Balls
Pitching: RHP Dan Lupo
Batting: RHB Dennis Bennett 0-0: Called Strike
0-1: Ball
Tatsunori Ishigaki steals 2nd, throwing error, E2
Tatsunori Ishigaki to third
1-1: Ground out 4-3 (Groundball, 4, EV 83.8 MPH)
Tatsunori Ishigaki scores
Batting: LHB Orlando Hurtado 0-0: Ground out 4-3 (Groundball, 4, EV 107.5 MPH)
Batting: RHB Isaac Washington 0-0: Foul Ball, location: 2F
0-1: Ball
1-1: SINGLE (Line Drive, 34, EV 103.8 MPH)
Batting: RHB Alex Montiel 0-0: Called Strike
0-1: Ball
1-1: Ball
2-1: Ground out 4-3 (Groundball, 4, EV 76.2 MPH)
Top of the 3rd over - 1 run, 1 hit, 1 error, 1 left on base; Coastal Carolina University 2 - University of Minnesota 0
BOTTOM OF THE 3RD
University of Minnesota Golden Gophers batting - Pitching for Coastal Carolina University Chanticleers : LHP Rocco Calvocoressi
Batting: LHB Ivan Villegas 0-0: Ball
1-0: Ball
2-0: Swinging Strike
2-1: Foul Ball, location: 2F
2-2: Strikes out swinging
Batting: RHB Josh Gifford 0-0: Ball
1-0: Ball
2-0: Ball
3-0: Called Strike
3-1: Foul Ball, location: 2F
3-2: Strikes out swinging
Batting: LHB Alex Villa 0-0: Foul Ball, location: 2F
0-1: Ball
1-1: DOUBLE (Flyball, 8RXD, EV 104.4 MPH)
Batting: LHB Josh Rini 0-0: Ball
1-0: Foul Ball, location: 2F
1-1: Foul Ball, location: 2F
1-2: Strikes out swinging
Bottom of the 3rd over - 0 runs, 1 hit, 0 errors, 1 left on base; Coastal Carolina University 2 - University of Minnesota 0
TOP OF THE 4TH
Coastal Carolina University Chanticleers batting - Pitching for University of Minnesota Golden Gophers : RHP Dan Lupo
Batting: RHB Fernando Tovar 0-0: Called Strike
0-1: Called Strike
0-2: Ball
1-2: Ball
2-2: Foul Ball, location: 2F
2-2: Ball
3-2: SINGLE (Line Drive, 4MD, EV 95.0 MPH)
Batting: RHB Chris McDaniel 0-0: Ball
1-0: Ball
2-0: Swinging Strike
2-1: Ball
3-1: SINGLE (Line Drive, 9S, EV 90.6 MPH)
Fernando Tovar to second
Batting: LHB Justin Sanders 0-0: Called Strike
0-1: Foul Ball, location: 2F
0-2: Strikes out swinging
Batting: RHB Rene Napoles 0-0: Called Strike
0-1: Swinging Strike
0-2: Strikes out swinging
Batting: RHB Tatsunori Ishigaki 0-0: Foul Ball, location: 2F
0-1: Foul Ball, location: 2F
0-2: Ball
1-2: Ball
2-2: Strikes out swinging
Top of the 4th over - 0 runs, 2 hits, 0 errors, 2 left on base; Coastal Carolina University 2 - University of Minnesota 0
BOTTOM OF THE 4TH
University of Minnesota Golden Gophers batting - Pitching for Coastal Carolina University Chanticleers : LHP Rocco Calvocoressi
Batting: RHB Ozzie Buendia 0-0: Called Strike
0-1: Ball
1-1: Foul Ball, location: 2F
1-2: Ground out 4-3 (Groundball, 4M, EV 78.1 MPH)
Batting: LHB Dick Shafer 0-0: Ball
1-0: Ball
2-0: Fly out, F9 (Flyball, 89S, EV 81.9 MPH)
Batting: RHB Ron Gooch 0-0: Called Strike
0-1: Fly out, F9 (Flyball, 89M, EV 86.2 MPH)
Bottom of the 4th over - 0 runs, 0 hits, 0 errors, 0 left on base; Coastal Carolina University 2 - University of Minnesota 0
TOP OF THE 5TH
Coastal Carolina University Chanticleers batting - Pitching for University of Minnesota Golden Gophers : RHP Dan Lupo
Batting: RHB Dennis Bennett 0-0: Called Strike
0-1: Hit by Pitch
Batting: LHB Orlando Hurtado 0-0: SINGLE (Groundball, 6D, EV 105.0 MPH)
Dennis Bennett to second
Batting: RHB Isaac Washington 0-0: Foul Ball, location: 2F
0-1: Swinging Strike
0-2: Foul Ball, location: 2F
0-2: Ball
1-2: Strikes out swinging
Batting: RHB Alex Montiel 0-0: Ball
1-0: Ball
2-0: Called Strike
2-1: Ball
Wild Pitch!
Dennis Bennett to third
Orlando Hurtado to second
3-1: Reached on error, E4 (Groundball, 4, EV 91.9 MPH)
Dennis Bennett scores
Orlando Hurtado scores
Batting: RHB Fernando Tovar 0-0: Ball
Alex Montiel is caught stealing 3rd base 2-5
1-0: Ball
2-0: Fly out, F8 (Flyball, 8LD, EV 90.0 MPH)
Top of the 5th over - 2 runs, 1 hit, 1 error, 0 left on base; Coastal Carolina University 4 - University of Minnesota 0
BOTTOM OF THE 5TH
University of Minnesota Golden Gophers batting - Pitching for Coastal Carolina University Chanticleers : LHP Rocco Calvocoressi
Batting: LHB Jose Moncada 0-0: Ball
1-0: Ball
2-0: Called Strike
2-1: Ground out 4-3 (Groundball, 4, EV 107.5 MPH)
Batting: RHB Jarrod Strickhouser 0-0: Swinging Strike
0-1: Fly out, F8 (Flyball, 8RD, EV 100.0 MPH)
Batting: LHB Ivan Villegas 0-0: Called Strike
0-1: Ball
1-1: Foul Ball, location: 2F
1-2: Strikes out swinging
Bottom of the 5th over - 0 runs, 0 hits, 0 errors, 0 left on base; Coastal Carolina University 4 - University of Minnesota 0
TOP OF THE 6TH
Coastal Carolina University Chanticleers batting - Pitching for University of Minnesota Golden Gophers : RHP Dan Lupo
Batting: RHB Chris McDaniel 0-0: Called Strike
0-1: Ball
1-1: Called Strike
1-2: Foul Ball, location: 2F
1-2: Ball
2-2: Ball
3-2: Strikes out swinging
Batting: LHB Justin Sanders 0-0: Called Strike
0-1: Ball
1-1: Fly out, F7 (Flyball, 7D, EV 96.9 MPH)
Pitching: RHP Enakai Moritiica
Batting: RHB Rene Napoles 0-0: DOUBLE (Flyball, 8LXD, EV 101.2 MPH)
Batting: RHB Tatsunori Ishigaki 0-0: Foul Ball, location: 2F
0-1: Foul Ball, location: 2F
0-2: Ball
1-2: Strikes out swinging
Top of the 6th over - 0 runs, 1 hit, 0 errors, 1 left on base; Coastal Carolina University 4 - University of Minnesota 0
BOTTOM OF THE 6TH
University of Minnesota Golden Gophers batting - Pitching for Coastal Carolina University Chanticleers : LHP Rocco Calvocoressi
Batting: RHB Josh Gifford 0-0: Called Strike
0-1: Swinging Strike
0-2: Ball
1-2: Ball
2-2: Foul Ball, location: 2F
2-2: Foul Ball, location: 2F
2-2: Strikes out swinging
Pitching: RHP Tony Jaggie
Batting: LHB Alex Villa 0-0: Called Strike
0-1: Ground out 6-3 (Groundball, 6, EV 92.5 MPH)
Batting: LHB Josh Rini 0-0: Ball
1-0: Ball
2-0: Swinging Strike
2-1: Foul Ball, location: 2F
2-2: Foul Ball, location: 2F
2-2: Strikes out looking
Bottom of the 6th over - 0 runs, 0 hits, 0 errors, 0 left on base; Coastal Carolina University 4 - University of Minnesota 0
TOP OF THE 7TH
Coastal Carolina University Chanticleers batting - Pitching for University of Minnesota Golden Gophers : RHP Enakai Moritiica
Batting: RHB Dennis Bennett 0-0: Ball
1-0: Foul Ball, location: 2F
1-1: Ball
2-1: Swinging Strike
2-2: SINGLE (Groundball, 34D, EV 108.8 MPH)
Batting: LHB Orlando Hurtado 0-0: Ball
1-0: Ball
Dennis Bennett is caught stealing 2nd base 2-6
2-0: Ground out 1-3 (Groundball, 13S, EV 70.0 MPH)
Batting: RHB Isaac Washington 0-0: Called Strike
0-1: Foul Ball, location: 2F
0-2: Ball
1-2: Foul Ball, location: 2F
1-2: Strikes out swinging
Top of the 7th over - 0 runs, 1 hit, 0 errors, 0 left on base; Coastal Carolina University 4 - University of Minnesota 0
BOTTOM OF THE 7TH
University of Minnesota Golden Gophers batting - Pitching for Coastal Carolina University Chanticleers : RHP Tony Jaggie
Pitching: RHP Quentin Archdeacon
Batting: RHB Ozzie Buendia 0-0: SINGLE (Groundball, 56D, EV 100.6 MPH)
Batting: LHB Dick Shafer 0-0: Foul Ball, location: 2F
0-1: Swinging Strike
0-2: Ball
1-2: SINGLE (Groundball, 6D, EV 108.1 MPH)
Ozzie Buendia to second
Batting: RHB Ron Gooch 0-0: Ball
1-0: Ball
2-0: Ball
3-0: Base on Balls
Ozzie Buendia to third
Dick Shafer to second
Batting: LHB Jose Moncada 0-0: Ball
1-0: Ball
2-0: Foul Ball, location: 2F
2-1: Swinging Strike
2-2: Ball
3-2: Foul Ball, location: 2F
3-2: Strikes out swinging
Batting: RHB Jarrod Strickhouser 0-0: Ball
1-0: Swinging Strike
1-1: Swinging Strike
1-2: Ball
2-2: Ball
3-2: Strikes out swinging
Batting: LHB Ivan Villegas 0-0: Called Strike
0-1: Ball
1-1: Ball
2-1: Ground out 4-3 (Groundball, 4, EV 85.0 MPH)
Bottom of the 7th over - 0 runs, 2 hits, 0 errors, 3 left on base; Coastal Carolina University 4 - University of Minnesota 0
TOP OF THE 8TH
Coastal Carolina University Chanticleers batting - Pitching for University of Minnesota Golden Gophers : RHP Enakai Moritiica
Batting: RHB Alex Montiel 0-0: Ball
1-0: Swinging Strike
1-1: SINGLE (Groundball, 6S, EV 65.6 MPH) (infield hit)
Batting: RHB Fernando Tovar 0-0: Ball
Alex Montiel is caught stealing 2nd base 2-4
1-0: SINGLE (Groundball, 56D, EV 111.2 MPH)
Batting: RHB Chris McDaniel 0-0: Called Strike
0-1: Ball
1-1: DOUBLE (Groundball, 5L, EV 98.1 MPH)
Fernando Tovar to third
Runner from 3rd tries for Home, SAFE, no throw by LF
Batting: LHB Justin Sanders 0-0: Called Strike
0-1: Ball
1-1: Ball
2-1: 2-RUN HOME RUN (Flyball, 9D, EV 97.5 MPH), Distance : 366 ft
Batting: RHB Rene Napoles 0-0: Ball
1-0: Ball
2-0: Called Strike
2-1: Ball
3-1: Swinging Strike
3-2: Foul Ball, location: 2F
3-2: Reached on error, E5 (Groundball, 56S, EV 83.8 MPH)
Batting: RHB Tatsunori Ishigaki 0-0: Called Strike
0-1: Called Strike
0-2: Fielders Choice at 2nd, 4-6 (Groundball, 4, EV 83.8 MPH)
Batting: RHB Dennis Bennett 0-0: Ball
1-0: Called Strike
Tatsunori Ishigaki steals 2nd base
1-1: Ball
2-1: Swinging Strike
2-2: Strikes out swinging
Top of the 8th over - 3 runs, 4 hits, 1 error, 1 left on base; Coastal Carolina University 7 - University of Minnesota 0
BOTTOM OF THE 8TH
University of Minnesota Golden Gophers batting - Pitching for Coastal Carolina University Chanticleers : RHP Quentin Archdeacon
Batting: RHB Josh Gifford 0-0: Ball
1-0: Ball
2-0: Called Strike
2-1: Called Strike
2-2: Fly out, F3 (Popup, 3SF, EV 75.0 MPH)
Batting: LHB Alex Villa 0-0: Ball
1-0: Swinging Strike
1-1: Ground out 1-3 (Groundball, 13S, EV 71.9 MPH)
Batting: LHB Josh Rini 0-0: Ball
1-0: Ball
2-0: Fly out, F9 (Flyball, 89S, EV 91.9 MPH)
Bottom of the 8th over - 0 runs, 0 hits, 0 errors, 0 left on base; Coastal Carolina University 7 - University of Minnesota 0
TOP OF THE 9TH
Coastal Carolina University Chanticleers batting - Pitching for University of Minnesota Golden Gophers : RHP Enakai Moritiica
Pinch Hitting: LHB Nate Kokx 0-0: Swinging Strike
0-1: Ball
1-1: Foul Ball, location: 2F
1-2: Ball
2-2: Ground out U3 (Groundball, 3, EV 91.2 MPH)
Batting: RHB Isaac Washington 0-0: Called Strike
0-1: Ball
1-1: Ball
2-1: Foul Ball, location: 2F
2-2: Strikes out swinging
Batting: RHB Alex Montiel 0-0: Ball
1-0: Called Strike
1-1: Ball
2-1: Ball
3-1: Base on Balls
Pitching: RHP Dan Mondro
Pinch Hitting: RHB Mike Grogan 0-0: Ball
1-0: Foul Ball, location: 2F
1-1: Reached on error, E4 (Groundball, 4, EV 80.6 MPH)
Alex Montiel to third
Batting: RHB Chris McDaniel 0-0: Ball
1-0: Called Strike
1-1: Called Strike
1-2: Strikes out swinging
Top of the 9th over - 0 runs, 0 hits, 1 error, 2 left on base; Coastal Carolina University 7 - University of Minnesota 0
BOTTOM OF THE 9TH
University of Minnesota Golden Gophers batting - Pitching for Coastal Carolina University Chanticleers : RHP Quentin Archdeacon
Now at C: Oscar Hernandez
Now at 1B: Nate Kokx
Batting: RHB Ozzie Buendia 0-0: Called Strike
0-1: Ball
1-1: Ball
2-1: Ball
3-1: Foul Ball, location: 2F
3-2: Strikes out swinging
Batting: LHB Dick Shafer 0-0: Foul Ball, location: 2F
0-1: SINGLE (Line Drive, 7S, EV 91.2 MPH)
Pitching: LHP Rich Holliday
Batting: RHB Ron Gooch 0-0: Ball
1-0: Called Strike
1-1: Fielders Choice at 2nd, 5-4 (Groundball, 56, EV 83.8 MPH)
Batting: LHB Jose Moncada 0-0: Ball
1-0: Ball
2-0: Called Strike
2-1: Ball
3-1: Ground out U3 (Groundball, 3, EV 97.5 MPH)
Bottom of the 9th over - 0 runs, 1 hit, 0 errors, 1 left on base; Coastal Carolina University 7 - University of Minnesota 0
Sunday, July 16th , 2023 - OOTP Baseball 24.6 Build 69